 Dungeon Crawl Stone Soup version 0.20-a0-1018-ge435b50 (webtiles) character file.

31 Firebatgyro the Charlatan (level 3, 0/28 HPs)
             Began as a Demonspawn Artificer on Apr 16, 2017.
             Succumbed to a kobold's poison
             ... on level 2 of the Dungeon.
             The game lasted 00:02:22 (1551 turns).

Firebatgyro the Charlatan (Demonspawn Artificer)    Turns: 1551, Time: 00:02:22

Health: 0/28       AC:  2    Str: 13    XL:     3   Next: 7%
Magic:  5/5        EV: 12    Int: 12    God:
Gold:   118        SH:  0    Dex: 16    Spells: 2/2 levels left

rFire    . . .     SeeInvis .     - Unarmed
rCold    . . .     Gourm    .   (no shield)
rNeg     . . .     Faith    .   b - +0 leather armour
rPois    .         Spirit   .   i - +0 helmet
rElec    .         Reflect  .   (no cloak)
rCorr    .         Harm     .   (no gloves)
MR       .....                  (no boots)
Stlth    ++........             (no amulet)
Regen    0.1/turn               l - +3 ring of dexterity
MPRegen  0.1/turn               m - -2 ring of protection (curse)

@: lethally poisoned (0 -> -15), hasted, very quick
A: claws 2
a: no special abilities


You were on level 2 of the Dungeon.
You were very hungry.

You visited 1 branch of the dungeon, and saw 2 of its levels.

You collected 118 gold pieces.

Inventory:

Hand Weapons
 a - a +0 short sword
Armour
 b - a +0 leather armour (worn)
 i - a +0 helmet (worn)
Jewellery
 l - a +3 ring of dexterity (left claw)
 m - a cursed -2 ring of protection (right claw)
Wands
 c - a wand of flame (15/48)
 d - a wand of enslavement (15/24)
 e - a wand of random effects (15/48)
Comestibles
 f - a bread ration


   Skills:
 + Level 2.6 Fighting
 - Level 0.8 Short Blades
 - Level 1.7 Dodging
 - Level 0.8 Stealth
 + Level 1.0 Unarmed Combat
 - Level 3.0 Evocations


You had 2 spell levels left.
You didn't know any spells.

Dungeon Overview and Level Annotations

Branches:
Dungeon (2/15)

Altars:
Cheibriados


Innate Abilities, Weirdness & Mutations

You have very sharp fingernails.


Message History

You feel sick.
The kobold hits you with a dagger of venom.
* * * LOW HITPOINT WARNING * * *
It was a potion of magic.
Magic courses through your body. The kobold hits you but does no damage.
You are more poisoned.
It was a potion of haste.
You feel yourself speed up.
* * * LOW HITPOINT WARNING * * *
You feel sick. The kobold hits you but does no damage.
You closely miss the kobold.
* * * LOW HITPOINT WARNING * * *
You feel sick. The kobold misses you.
You scratch the kobold but do no damage.
* * * LOW HITPOINT WARNING * * *
You feel sick. The kobold closely misses you.
You barely miss the kobold.
* * * LOW HITPOINT WARNING * * *
You feel sick.
You closely miss the kobold.
You die...

##... #.... ##... # ### ##.#
#. ..>. ### ##.##.###.##
.......K...# #..#K#..#
#.<#@#..# #..#(#.. #. .
#..#(#.# #.# # #
....##..#(#.# #.# #
####.#.....>†.(..# #.# #
....#...##..((.#######.# #
#..#.#. #..†..........#######
#......##.....#######........
#....##.......#..............


You could see 2 kobolds.

Vanquished Creatures
  A dart slug (D:2)
  2 leopard geckos
  2 goblins (D:1)
  6 hobgoblins (D:1)
  7 kobolds
  A ball python (D:1)
  5 frilled lizards
  2 rats (D:2)
26 creatures vanquished.

Notes
Turn   | Place    | Note
-------+----------+-------------------------------------------
     0 | D:1      | Firebatgyro the Demonspawn Artificer began the quest for the Orb.
     0 | D:1      | Reached XP level 1. HP: 15/15 MP: 3/3
   737 | D:1      | Gained mutation: You have sharp fingernails. [demonic ancestry]
   737 | D:1      | Reached XP level 2. HP: 20/22 MP: 4/4
  1474 | D:2      | Found a snail-covered altar of Cheibriados.
  1495 | D:2      | Reached skill level 1 in Unarmed Combat
  1495 | D:2      | Gained mutation: You have very sharp fingernails. [demonic ancestry]
  1495 | D:2      | Reached XP level 3. HP: 24/28 MP: 5/5
  1550 | D:2      | HP: 1/28 [poisoned by a kobold]
  1551 | D:2      | Succumbed to a kobold's poison

Vault maps used:
D:1:      roderic_octagonal_star
D:2:      cheibrodos_helix_gallery, kennysheep_slug_shrine

Skill      XL: |  1  2 |
---------------+-------+-----
Fighting       | 2 |  2.6
Unarmed Combat | 1 |  1.0
Short Blades   | |  0.8
Dodging        | |  1.7
Stealth        | |  0.8
Evocations     | |  3.0

Action                   || total
-------------------------++-------
Melee: Short sword       ||    44
       Unarmed           ||    89
  Use: Scroll            ||     2
       Potion            ||     2
  Eat: Chunk             ||     1
Armor: Leather armour    ||    22
Dodge: Dodged            ||    76
